 Dungeon Crawl Stone Soup version 0.22-a0-596-gfbd32a6 (webtiles) character file.

22065 royokou the Geomancer (level 12, -1/77 HPs)
             Began as a Gargoyle Earth Elementalist on July 5, 2018.
             Was a Priest of Vehumet.
             Slain by a black mamba (10 damage)
             ... on level 3 of the Lair of Beasts.
             The game lasted 01:10:24 (18716 turns).

royokou the Geomancer (GrEE)                       Turns: 18716, Time: 01:10:25

Health: -1/77      AC: 21    Str: 16    XL:     12   Next: 96%
Magic:  9/18       EV:  7    Int: 20    God:    Vehumet [***...]
Gold:   741        SH:  0    Dex: 10    Spells: 2/20 levels left

rFire    . . .     SeeInvis .   a - +1 flail (crush)
rCold    . . .     Gourm    .   (no shield)
rNeg     + . .     Faith    .   w - +0 chain mail
rPois    ∞         Spirit   .   q - +1 helmet
rElec    +         Reflect  .   (no cloak)
rCorr    .         Harm     .   (no gloves)
MR       +....                  (no boots)
Stlth    ..........             t - amulet of magic regeneration
HPRegen  0.22/turn              u - +3 ring of strength
MPRegen  0.41/turn              H - ring of protection from magic

@: no status effects
A: negative energy resistance 1, electricity resistance, unbreathing,
petrification resistance, rot immunity, AC +8
a: Renounce Religion


You were on level 3 of the Lair of Beasts.
You worshipped Vehumet.
Vehumet was most pleased with you.
You were not hungry.

You visited 3 branches of the dungeon, and saw 15 of its levels.

You collected 741 gold pieces.

Inventory:

Hand Weapons
 a - a +1 flail of crushing (weapon)
 b - a +0 hunting sling
 B - a +2 dagger of holy wrath
 E - a +0 morningstar
 J - a +0 dire flail
Missiles
 g - 189 stones (quivered)
Armour
 c - a +0 scale mail
 q - a +1 helmet (worn)
 v - a +0 robe
 w - a +0 chain mail (worn)
 y - a +0 ring mail
 K - a +0 plate armour
 R - the +0 chain mail of Duty {rN+ MP-9 Str+5}
   (You found it on level 2 of the Lair of Beasts)

   It affects your strength (+5).
   It protects you from negative energy.
   It affects your magic capacity (-9).
Magical Staves
 F - an uncursed staff of air
Jewellery
 t - an amulet of magic regeneration (around neck)
 u - a +3 ring of strength (left hand)
 H - a ring of protection from magic (right hand)
 I - an uncursed ring of ice {unknown}
 P - an uncursed ring of flight {unknown}
 S - an uncursed ring of positive energy {unknown}
Wands
 r - a wand of digging (21)
 s - a wand of acid (5)
 D - a wand of random effects (10)
 T - a wand of scattershot (7)
Scrolls
 i - a scroll of fog {unknown}
 k - a scroll of immolation
 l - 9 scrolls of teleportation
 m - 3 scrolls of blinking
 n - 3 scrolls of enchant armour
 o - 4 scrolls of remove curse
 p - 4 scrolls of amnesia
 Q - 2 scrolls of fear
Potions
 e - 3 potions of heal wounds
 f - a potion of flight
 h - a potion of brilliance
 j - 5 potions of curing
 x - 3 potions of mutation
 z - 2 potions of invisibility
 A - 4 potions of resistance
 C - 2 potions of lignification
 G - a potion of cancellation
 L - a potion of degeneration {unknown}
 M - a potion of berserk rage {unknown}
 N - 2 potions of magic
 O - 3 potions of haste {unknown}
Comestibles
 d - 23 rations


   Skills:
 - Level 9.8 Fighting
 * Level 11.2 Maces & Flails
 - Level 6.0 Armour
 - Level 1.5 Dodging
 - Level 2.1 Stealth
 - Level 4.6 Spellcasting
 - Level 6.0 Conjurations
 - Level 5.8 Transmutations
 - Level 12.9 Earth Magic


You had 2 spell levels left.
You knew the following spells:

 Your Spells              Type           Power        Failure   Level  Hunger
a - Sandblast             Erth           ######       1%          1    None
b - Passwall              Tmut/Erth      #####...     5%          2    #......
c - Stone Arrow           Conj/Erth      #####.       3%          3    ##.....
d - Petrify               Tmut/Erth      #####...     34%         4    ####...
e - Lee's Rapid Deconstr  Erth           ######....   7%          5    ######.
f - Mephitic Cloud        Conj/Pois/Air  ##......     47%         3    ##.....

Your spell library contained the following spells:

 Spells                   Type           Power        Failure   Level  Hunger
 Apportation              Tloc           #.....       86%         1    None
 Summon Small Mammal      Summ           #...         86%         1    None
 Animate Skeleton         Necr           N/A          86%         1    None
 Summon Ice Beast         Ice/Summ       #.......     100%        4    ####...
 Call Imp                 Summ           #.......     95%         2    #......
 Confusing Touch          Hex            #.....       86%         1    None
 Call Canine Familiar     Summ           #.......     99%         3    ##.....
 Summon Lightning Spire   Summ/Air       #.......     100%        4    ####...
 Summon Guardian Golem    Hex/Summ       #.......     99%         3    ##.....


Dungeon Overview and Level Annotations

Branches:
Dungeon (10/15)            Temple (1/1) D:7            Lair (4/6) D:9
    Orc (0/2) D:9
  Swamp: Lair:2-4    Shoals: Lair:2-4     Snake: Lair:2-4    Spider: Lair:2-4

Altars:
Ashenzari
Cheibriados
Dithmenos
Elyvilon
Fedhas
Gozag
Hepliaklqana
Kikubaaqudgha
Makhleb
Nemelex Xobeh
Okawaru
Qazlal
Ru
Trog
Uskayaw
Vehumet
Wu Jian
Xom
Yredelemnul
Zin

Shops:
D:4 !   D:10 *

Annotations:
D:9 2 transporters
Lair:3 exclusion: oklob plant


Innate Abilities, Weirdness & Mutations

You are resistant to torment.
Your stone body is resilient. (AC +8)
You are immune to poison.
You resist negative energy. (rN+)
You are resistant to electric shocks. (rElec)
You can survive without breathing.
You are immune to petrification.
You are immune to rotting.


Message History

Aiming: Sandblast (safe; 1% risk of failure)
Press: ? - help, Shift-Dir - straight line, f - komodo dragon, p - black mamba
Aim: a komodo dragon (almost dead)
The blast of sand hits the komodo dragon.
You kill the komodo dragon!
Vehumet accepts your kill.
You feel your power returning.
g - 190 stones The black mamba bites you but does no damage.
The black mamba bites you!
* * * LOW HITPOINT WARNING * * *
Casting: Sandblast (safe; 1% risk of failure)
Confirm with . or Enter, or press ? or * to list all spells.
Aiming: Sandblast (safe; 1% risk of failure)
Press: ? - help, Shift-Dir - straight line, f - black mamba
Aim: a black mamba The blast of sand misses the black mamba.
g - 189 stones The black mamba bites you!
You die...

##.........P....## #
#..####....P##..# #
#### #...###...####
#####...###....#.#
##..##...#.#.......
#.[................
##..............###.
#P.........##...# ##
##S@†.....P##P..## #
#.........##....# #
#.(......####...###
#........# #......
#........# #......
###..##..####..#..P
#####...##P..####
#..##......##
#.........###


You could see a black mamba.

Vanquished Creatures
  3 hydras
  2 two-headed ogres
  Nergalle (D:10)
  Pikel (D:8)
  A manticore (Lair:4)
  3 centaur zombies (D:10)
  4 elephants (Lair:2)
  A black mamba (Lair:2)
  A torpor snail (Lair:3)
  4 spiny frogs
  A rime drake (Lair:3)
  3 komodo dragons
  A hornet (D:7)
  2 trolls (D:10)
  Prince Ribbit (D:7)
  4 blink frogs (Lair:2)
  7 hippogriffs
  Sigmund (D:3)
  A shadow (D:9)
  A basilisk (Lair:4)
  12 yaks
  3 hungry ghosts
  Menkaure (D:5)
  Edmund (D:5)
  8 water moccasins
  Duvessa (D:5)
  2 black bears (D:7)
  3 orc warriors
  5 porcupines
  2 sky beasts
  6 ice beasts
  3 phantoms
  3 ogres
  2 centaurs
  5 crocodiles
  3 big kobolds
  13 bullfrogs
  A gnoll sergeant (D:7)
  3 scorpions (D:5)
  Dowan (D:5)
  3 jellies
  8 killer bees
  11 wights
  A howler monkey (D:5)
  4 crimson imps
  4 hounds
  6 orc priests
  2 centaur skeletons
  An iguana (D:8)
  Jessica (D:3)
  8 orc wizards
  10 worker ants
  2 hound zombies
  8 gnolls
  13 adders
  A shadow imp (D:2)
  2 adder skeletons
  2 worms
  A dart slug (D:1)
  7 leopard geckos
  27 orcs
  3 giant cockroaches
  10 goblins
  10 hobgoblins
  3 jackals
  4 quokkas
  2 ball pythons (D:3)
  2 bats
  5 frilled lizards
  2 jackal skeletons
  20 kobolds
  A quokka skeleton (D:6)
  A quokka zombie (D:9)
  9 rats
315 creatures vanquished.

Vanquished Creatures (others)
  2 slaves (D:8)
  A water moccasin (D:8)
  A hound skeleton (D:8)
  A giant cockroach (D:8)
  9 fungi
  9 plants
23 creatures vanquished.

Grand Total: 338 creatures vanquished

Notes
Turn   | Place    | Note
-------+----------+-------------------------------------------
     0 | D:1      | royokou the Gargoyle Earth Elementalist began the quest for the Orb.
     0 | D:1      | Reached XP level 1. HP: 10/10 MP: 3/3
   495 | D:1      | Reached skill level 4 in Earth Magic
   495 | D:1      | Reached XP level 2. HP: 6/15 MP: 5/5
   677 | D:1      | Learned a level 2 spell: Passwall
  1035 | D:1      | Reached XP level 3. HP: 18/19 MP: 6/6
  1040 | D:1      | Learned a level 3 spell: Stone Arrow
  1770 | D:2      | Reached skill level 1 in Conjurations
  1983 | D:2      | Reached XP level 4. HP: 10/24 MP: 0/8
  2639 | D:3      | Noticed Jessica
  2787 | D:3      | Killed Jessica
  2787 | D:3      | Reached skill level 5 in Earth Magic
  2787 | D:3      | Reached XP level 5. HP: 24/28 MP: 4/9
  2861 | D:3      | Found a sparkling altar of Nemelex Xobeh.
  3092 | D:3      | Noticed Sigmund
  3103 | D:3      | Killed Sigmund
  3103 | D:3      | Reached XP level 6. HP: 19/32 MP: 7/11
  3596 | D:4      | Found an iron altar of Okawaru.
  3902 | D:4      | Reached skill level 6 in Earth Magic
  3950 | D:4      | Learned a level 4 spell: Petrify
  3952 | D:4      | Noticed a phantom
  3962 | D:4      | Killed a phantom
  3962 | D:4      | Reached XP level 7. HP: 24/36 MP: 0/13
  4324 | D:4      | Found Net Nost's Distillery.
  4995 | D:5      | Entered Level 5 of the Dungeon
  5002 | D:5      | Learned a level 5 spell: Lee's Rapid Deconstruction
  5023 | D:5      | Noticed Menkaure
  5027 | D:5      | Killed Menkaure
  5027 | D:5      | Reached skill level 7 in Earth Magic
  5089 | D:5      | Noticed Duvessa
  5091 | D:5      | Noticed Dowan
  5100 | D:5      | Killed Dowan
  5100 | D:5      | Reached skill level 5 in Conjurations
  5102 | D:5      | Killed Duvessa
  5102 | D:5      | Reached XP level 8. HP: 24/41 MP: 3/14
  5176 | D:5      | HP: 1/41 [ice beast (8)]
  5527 | D:5      | Reached skill level 8 in Earth Magic
  5570 | D:5      | Found a shadowy altar of Dithmenos.
  5571 | D:5      | Found a white marble altar of Elyvilon.
  5632 | D:5      | Reached skill level 1 in Transmutations
  5744 | D:5      | Noticed Edmund
  5842 | D:5      | Killed Edmund
  6071 | D:5      | Found a hazy altar of Hepliaklqana.
  6429 | D:4      | Reached skill level 9 in Earth Magic
  6790 | D:6      | Reached XP level 9. HP: 10/45 MP: 7/15
  7077 | D:6      | Found a sacrificial altar of Ru.
  7238 | D:6      | Found an ancient bone altar of Kikubaaqudgha.
  7494 | D:6      | Reached skill level 10 in Earth Magic
  7831 | D:6      | Found a blossoming altar of Fedhas.
  7833 | D:6      | Found a sparkling altar of Nemelex Xobeh.
  7833 | D:6      | Found a white marble altar of Elyvilon.
  7856 | D:6      | Found a shimmering altar of Xom.
  7856 | D:6      | Found a burning altar of Makhleb.
  7856 | D:6      | Found a burning altar of Makhleb.
  7955 | D:6      | Reached skill level 1 in Fighting
  8092 | D:6      | Reached skill level 1 in Maces & Flails
  8426 | D:7      | Noticed Prince Ribbit
  8433 | D:7      | Killed Prince Ribbit
  8596 | D:7      | Noticed a hornet
  8601 | D:7      | Killed a hornet
  8601 | D:7      | Reached skill level 5 in Transmutations
  8721 | D:7      | Found a bloodstained altar of Trog.
  8789 | D:7      | Found a staircase to the Ecumenical Temple.
  8794 | Temple   | Entered the Ecumenical Temple
  8828 | Temple   | Became a worshipper of Vehumet
  8922 | D:7      | Reached XP level 10. HP: 45/56 MP: 4/16
  9693 | D:7      | Reached skill level 11 in Earth Magic
 10132 | D:8      | Reached * piety under Vehumet
 10132 | D:8      | Offered knowledge of Shock by Vehumet.
 10158 | D:8      | Found a flagged portal.
 10351 | D:8      | Noticed Pikel
 10358 | D:8      | Killed Pikel
 10358 | D:8      | Reached skill level 5 in Fighting
 10518 | D:8      | Found a glowing silver altar of Zin.
 10667 | D:7      | Reached skill level 5 in Maces & Flails
 11190 | D:8      | Found a blossoming altar of Fedhas.
 11190 | D:8      | Found a stormy altar of Qazlal.
 11513 | D:9      | Found a staircase to the Lair.
 11635 | D:9      | Noticed a manticore
 11636 | D:9      | Found a burning altar of Makhleb.
 11650 | D:9      | Found a transporter.
 11665 | D:9      | Found a transporter.
 11684 | D:9      | Noticed a two-headed ogre
 11765 | D:8      | Killed a two-headed ogre
 11765 | D:8      | Reached skill level 12 in Earth Magic
 11955 | D:9      | Found a staircase to the Orcish Mines.
 12105 | D:9      | Reached XP level 11. HP: 65/66 MP: 15/17
 12159 | D:9      | Found a hide-covered altar of Uskayaw.
 12267 | D:9      | Noticed a two-headed ogre
 12272 | D:9      | Killed a two-headed ogre
 12568 | D:10     | Entered Level 10 of the Dungeon
 12591 | D:10     | Offered knowledge of Throw Frost by Vehumet.
 12597 | D:10     | Reached ** piety under Vehumet
 12820 | D:10     | Noticed Nergalle
 13071 | D:10     | Killed Nergalle
 13478 | D:10     | Found Ysmellet's General Store.
 13518 | D:10     | Offered knowledge of Mephitic Cloud by Vehumet.
 13525 | D:10     | Learned a level 3 spell: Mephitic Cloud
 13575 | Lair:1   | Entered Level 1 of the Lair of Beasts
 13695 | Lair:1   | Reached skill level 1 in Armour
 14082 | Lair:1   | Noticed a six-headed hydra
 14089 | Lair:1   | Killed a six-headed hydra
 15076 | Lair:2   | Reached XP level 12. HP: 75/75 MP: 18/18
 15615 | Lair:3   | Noticed a four-headed hydra
 15622 | Lair:3   | Killed a four-headed hydra
 15752 | Lair:3   | Reached *** piety under Vehumet
 17121 | Lair:2   | Reached skill level 5 in Armour
 17135 | Lair:2   | Offered knowledge of Olgreb's Toxic Radiance by Vehumet.
 17345 | Lair:2   | Reached skill level 10 in Maces & Flails
 17609 | Lair:2   | Got a turquoise-encrusted chain mail
 17620 | Lair:2   | Identified the +0 chain mail of Duty {rN+ MP-9 Str+5} (You found it on level 2 of the Lair of Beasts)
 18231 | Lair:2   | Noticed an eight-headed hydra
 18246 | Lair:2   | Killed an eight-headed hydra
 18716 | Lair:3   | Slain by a black mamba

Vault maps used:
D:1:      onia_arrival_pentagram, serial_forest, infiniplex_forest_clump_small,
          infiniplex_forest_clump_diagonal, infiniplex_forest_lined_3,
          infiniplex_forest_straight_3, infiniplex_forest_clump_double,
          infiniplex_forest_lined_ring, minivault_23, hangedman_decor_points
D:3:      cheibrodos_helix_gallery, nemelex_xobeh_ov_fountains_minmay,
          first_ration, uniq_sigmund, uniq_jessica
D:4:      serial_shops, shop_fountains, kennysheep_okawaru_gauntlet
D:5:      lemuel_doored_altar, gammafunk_temple_overflow_pools,
          portal_sewer_entry_d, uniq_menkaure, uniq_edmund, uniq_duvessa
D:6:      nicolae_ru_path_of_blood, old_standard_altar, nrook_pool_corridor,
          doesnt_xom_only_xom
D:7:      marbit_many_paths, temple_doors_e, uniq_prince_ribbit1
D:8:      grunt_temple_overflow_forces_of_nature, kennysheep_mini,
          enter_bailey_2, uniq_pikel
D:9:      gammafunk_temple_overflow_arena, eat_drink_and_be_merry_uskayaw,
          lair_entry_dummy, orc_0_dummy
D:10:     serial_shops, shop, uniq_nergalle
Temple:   jpeg_temple_island
Lair:1:   beast_lair_carwin_11
Lair:3:   minmay_lair_oklob_chamber
Lair:4:   minmay_shoals_entry_beasts, guppyfry_snake_entry_garden,
          nicolae_volcano_entry_lava_flow, uniq_kirke

Skill      XL: |  1  2  3  4  5  6  7  8  9 10 11 12 |
---------------+-------------------------------------+-----
Earth Magic    | 4 5 6 7 9 10 12 | 12.9
Conjurations   | 1 2 3 5 6 |  6.0
Spellcasting   | 3 4 |  4.6
Transmutations | 3 5 |  5.8
Fighting       | 3 6 8 9 |  9.8
Maces & Flails | 3 6 8 11 | 11.2
Armour         | 3 6 |  6.0
Dodging        | |  1.5
Stealth        | |  2.1

Action                   |  1- 3 |  4- 6 |  7- 9 | 10-12 || total
-------------------------+-------+-------+-------+-------++-------
Melee: Club              |    36 |       |       |       ||    36
       Unarmed           |     8 |       |       |       ||     8
       Whip              |    95 |   161 |   117 |       ||   373
       Flail             |       |       |   290 |   547 ||   837
       Dagger            |       |       |    28 |       ||    28
 Cast: Sandblast         |     6 |    16 |    45 |    69 ||   136
       Stone Arrow       |     3 |    11 |    41 |   142 ||   197
       Lee's Rapid Decon |       |       |     2 |    17 ||    19
       Petrify           |       |       |       |     1 ||     1
  Use: Scroll            |       |       |       |    19 ||    19
 Stab: Sleeping          |     4 |     3 |       |       ||     7
  Eat: Chunk             |     4 |     4 |    14 |    33 ||    55
       Ration            |       |     1 |     2 |     4 ||     7
Armor: Robe              |    32 |    46 |       |       ||    78
       Scale mail        |       |    31 |    10 |       ||    41
       Ring mail         |       |       |   257 |   334 ||   591
       Chain mail        |       |       |       |   199 ||   199
Dodge: Dodged            |    86 |   117 |   265 |   409 ||   877

Table legend:
 A = Spawn XP
 B = Non-spawn XP
 C = Spawn XP percentage of total XP
 D = Spawn monster count
 E = Non-spawn monster count
 F = Spawn count percentage of total count
 G = Total turns spent on level
                    A         B        C        D         E        F      G
               +---------+---------+-------+---------+---------+-------+---------
         Total |       0 |   31522 |   0.0 |       0 |     315 |   0.0 | 18716
               +---------+---------+-------+---------+---------+-------+---------
           D:1 |       0 |      45 |   0.0 |       0 |      26 |   0.0 |  1543
           D:2 |       0 |      82 |   0.0 |       0 |      22 |   0.0 |  1201
           D:3 |       0 |     303 |   0.0 |       0 |      19 |   0.0 |  1052
           D:4 |       0 |     526 |   0.0 |       0 |      25 |   0.0 |  1589
           D:5 |       0 |    1391 |   0.0 |       0 |      26 |   0.0 |  1574
           D:6 |       0 |    1155 |   0.0 |       0 |      25 |   0.0 |  1236
           D:7 |       0 |    2565 |   0.0 |       0 |      33 |   0.0 |  2049
           D:8 |       0 |    2669 |   0.0 |       0 |      20 |   0.0 |  1424
           D:9 |       0 |    2619 |   0.0 |       0 |      28 |   0.0 |   999
          D:10 |       0 |    3308 |   0.0 |       0 |      28 |   0.0 |   840
        Lair:1 |       0 |    3617 |   0.0 |       0 |      14 |   0.0 |  1499
        Lair:2 |       0 |    7673 |   0.0 |       0 |      28 |   0.0 |  1693
        Lair:3 |       0 |    3880 |   0.0 |       0 |      13 |   0.0 |  1799
        Lair:4 |       0 |    1689 |   0.0 |       0 |       8 |   0.0 |   150
               +---------+---------+-------+---------+---------+-------+---------
